 Dungeon Crawl Stone Soup version 0.31-a0-271-gb88eb75 (webtiles) character file.

Game seed: 7816348356031959615

1055 lyrin the Ruffian (level 8, 0/44 HPs)
             Began as a Purple Draconian Shapeshifter on July 14, 2023.
             Was a Follower of Fedhas.
             Slain by a shadow (18 damage)
             ... on level 6 of the Dungeon.
             The game lasted 00:07:08 (4833 turns).

lyrin the Ruffian (Purple Draconian Shapeshifter)   Turns: 4833, Time: 00:07:08

Health: 0/44       AC:  9    Str: 23    XL:     8   Next: 5%
Magic:  10/10      EV: 10    Int: 10    God:    Fedhas [*.....]
Gold:   463        SH:  0    Dex: 12    Spells: 7/7 levels left

rFire   . .          .
                       - Unarmed
rCold   . . .        (shield currently unavailable)
rNeg    . . .        (body armour unavailable)
rPois   .            (helmet currently unavailable)
rElec   .            (cloak currently unavailable)
rCorr   .            (gloves currently unavailable)
SInv    .            (boots currently unavailable)
Will    +....        (no amulet)
Stlth   ++           (no ring)
HPRegen 0.27/turn    (no ring)
MPRegen 0.12/turn

%: no passive effects
@: snake-form
A: constrict, amphibious, reduced hp, (breathe power), AC +6, large, unfitting
armour, (cold-blooded)
a: Begin Untransformation, Renounce Religion


You were on level 6 of the Dungeon.
You worshipped Fedhas.
Fedhas was aware of your devotion.
You were an enormous anaconda.
You visited 1 branch of the dungeon, and saw 6 of its levels.
You also visited: Sewer.

You collected 463 gold pieces.

Inventory:

Armour
 e - a +0 pair of gloves
 i - the +0 leather armour of Fallacy {rPois rN+ Stlth+}
   (You found it on level 2 of the Dungeon)

   rPois:     It protects you from poison.
   rN:        It protects you from negative energy.
   Stlth:     It makes you more stealthy.
 m - a +2 pair of boots
 v - a +0 chain mail of positive energy
Talismans
 b - a beast talisman
 o - a serpent talisman
Scrolls
 c - 2 scrolls of noise {unknown}
 d - 2 scrolls of immolation {unknown}
 f - 5 scrolls of identify {unknown}
 g - 2 scrolls of blinking {unknown}
 h - a scroll of fog {unknown}
 j - 2 scrolls of vulnerability {unknown}
 k - 6 scrolls of teleportation {unknown}
 n - 2 scrolls of enchant armour {unknown}
 q - 2 scrolls of poison {unknown}
 u - a scroll of revelation {unknown}
 y - a scroll of silence {unknown}
Potions
 a - 2 potions of degeneration {unknown}
 l - 2 potions of haste
 p - a potion of might {unknown}
 r - a potion of mutation {unknown}
 s - 3 potions of curing
 t - 2 potions of lignification
 w - a potion of cancellation {unknown}
 x - a potion of brilliance {unknown}


   Skills:
 + Level 2.9 Fighting
 + Level 3.3 Dodging
 + Level 2.0 Stealth
 + Level 6.0 Unarmed Combat
 * Level 3.5 Invocations
 + Level 5.0 Shapeshifting


You had 7 spell levels left.
You didn't know any spells.
Your spell library contained the following spells:

 Spells                   Type           Power      Damage    Failure   Level
 Apportation              Tloc           0%         N/A       36%         1
 Necrotise                Necr           0%         1d4       36%         1
 Summon Small Mammal      Summ           0%         N/A       36%         1
 Frozen Ramparts          Ice            0%         1d1       75%         3
 Manifold Assault         Tloc           0%         N/A       98%         4
 Petrify                  Tmut/Erth      0%         N/A       98%         4
 Metabolic Englaciation   Hex/Ice        0%         N/A       100%        5
 Dispersal                Tloc           0%         N/A       100%        6
 Disjunction              Tloc           0%         N/A       100%        8


Dungeon Overview and Level Annotations

Branches:
Dungeon (6/15)             Temple (0/1) D:4           Sewer (visited)

Altars:
Cheibriados
Fedhas
Nemelex Xobeh
Okawaru
Trog
Uskayaw

Annotations:
D:6 2 transporters, PiratePeteNZ's ghost, novice OpVM; Sigmund


Innate Abilities, Weirdness & Mutations

You are an enormous anaconda.
You have a powerful constriction melee attack.
You are amphibious.
Your maximum health is decreased, since you lack skill for your form.
Your armour is entirely melded.
You are incapable of wielding weapons or throwing items.
((You can breathe bolts of dispelling energy.))
((Your rich purple scales are hard. (AC +6)))
You cannot fit into any form of body armour.
((You are cold-blooded and may be slowed by cold attacks.))


Message History

You have reached level 8!
You feel agile.
You body-slam the orc priest!!
You kill the orc priest!
Fedhas appreciates your contribution to the ecosystem.
Your Unarmed Combat skill increases to level 6!
Your Shapeshifting skill increases to level 5!
You lash the iguana! Your grab misses the iguana.
The iguana is heavily wounded.
The iguana bites you but does no damage.
You lash the iguana!
You kill the iguana!
Fedhas appreciates your contribution to the ecosystem.
Items here: ))) [ †††.
Key pressed, stopping explore.
Found a pair of gloves.
You see here a +0 pair of gloves.
Found a robe.
y - a scroll labelled MIHAKL FIUN
Found a hide-covered altar of Uskayaw.
Found a leather armour.
A shadow comes into view.
Found 18 gold pieces and a scroll labelled HYKAZE MYCWUB.
A shadow is nearby!
Sigmund the Dreaded comes into view.
He is wielding a +0 scythe.
The shadow slips into darkness.
The shadow flickers and vanishes!
Deactivating autopickup; reactivate with Ctrl-A.
The shadow strikes at you from the darkness!
Ouch! That really hurt!
Reactivating autopickup.
There is an escape hatch in the ceiling here.
You barely miss the shadow.
The shadow slips into darkness.
The shadow flickers and vanishes!
Deactivating autopickup; reactivate with Ctrl-A.
You hit something.
The shadow strikes at you from the darkness!
You die...
Fedhas appreciates your contribution to the ecosystem.

##. ###..######..# ####.##....##
..?##.#....##.##.# #.##.#####
...... #.#.##....# ####....#####
#...$. #......##.# #......###...
......####..#.##.# #.......# #..
#.............# #.......###.#
.......###.......####............
###......#.##.##{#..............#
#...##......##S#.#.........####
#... #####...#.#.#.............
#... ##..#.....###.......#. #...
#........)....####.#. #...
###....#####....##...
#...)#####..#.##<..
###.......##[.#.#..<.
#....#....##.........
#.##..........#..<###


There were no monsters in sight!

Vanquished Creatures
  A black bear (D:6)
  An ice beast (D:5)
  An orc warrior (D:6)
  An ogre (D:5)
  2 scorpions
  A hound (D:4)
  2 jellies
  3 orc priests
  4 iguanas
  7 gnolls
  7 adders
  2 river rats
  A shadow imp (D:5)
  2 white imps
  4 worms
  3 dart slugs
  16 orcs
  7 bats
  12 endoplasms
  3 giant cockroaches
  10 hobgoblins
  14 kobolds
  3 quokkas
  7 ball pythons
  2 frilled lizards (D:1)
  4 goblins
  11 rats
131 creatures vanquished.

Notes
Turn   | Place    | Note
-------+----------+-------------------------------------------
     0 | D:1      | lyrin the Draconian Shapeshifter began the quest for the
                  | Orb.
     0 | D:1      | Reached XP level 1. HP: 17/17 MP: 1/1
   160 | D:1      | Reached XP level 2. HP: 24/24 MP: 2/2
   474 | D:1      | Reached XP level 3. HP: 27/30 MP: 3/3
  1126 | D:2      | Identified the +0 leather armour of Fallacy {rPois rN+
                  | Stlth+}
  1171 | D:2      | Found a bloodstained altar of Trog.
  1475 | D:3      | Reached XP level 4. HP: 22/37 MP: 4/4
  1720 | D:3      | Reached skill level 3 in Unarmed Combat
  1827 | D:3      | Found a glowing drain.
  1833 | Sewer    | Entered a sewer
  2132 | Sewer    | Reached XP level 5. HP: 24/42 MP: 5/5
  2484 | D:3      | Found a blossoming altar of Fedhas.
  2494 | D:3      | Became a worshipper of Fedhas Madash
  2671 | D:4      | Found a staircase to the Ecumenical Temple.
  3108 | D:4      | Reached skill level 4 in Unarmed Combat
  3108 | D:4      | Reached skill level 1 in Invocations
  3127 | D:4      | Found an iron altar of Okawaru.
  3213 | D:5      | Entered Level 5 of the Dungeon
  3225 | D:5      | Reached XP level 6. HP: 27/50 MP: 6/6
  3502 | D:5      | Reached skill level 1 in Stealth
  3503 | D:5      | Reached * piety under Fedhas
  3696 | D:5      | Reached skill level 5 in Unarmed Combat
  3696 | D:5      | Noticed an ice beast
  3697 | D:5      | Your scales start taking on a rich purple colour.
  3697 | D:5      | Reached XP level 7. HP: 28/56 MP: 8/8
  3943 | D:5      | Found a sparkling altar of Nemelex Xobeh.
  4293 | D:6      | Found a snail-covered altar of Cheibriados.
  4338 | D:6      | Found a transporter.
  4357 | D:6      | Found a transporter.
  4373 | D:6      | Noticed a queen bee
  4411 | D:6      | Noticed PiratePeteNZ's ghost (novice OpVM)
  4622 | D:6      | Reached XP level 8. HP: 17/62 MP: 10/10
  4623 | D:6      | Reached skill level 6 in Unarmed Combat
  4623 | D:6      | Reached skill level 5 in Shapeshifting
  4745 | D:6      | Found a hide-covered altar of Uskayaw.
  4820 | D:6      | Noticed Sigmund
  4833 | D:6      | Slain by a shadow

Illustrated notes

Levels and vault maps discovered:
D:1:      dpeg_arrival_rooms_a, layout_rooms
D:2:      layout_loops_corners, basic_altar
D:3:      layout_rooms, fedhas_altar_4, portal_sewer_entry_e
D:4:      layout_loops_cross, nicolae_overflow_hidden_temple,
          minmay_temple_entry_stoned_glass
D:5:      layout_cave_pools, nemelex_spade_bored_becter,
          corexii_leaking_fountain
D:6:      layout_basic, old_standard_altar, mainiacjoe_overflow_small_starburst,
          gammafunk_ghost_hive, uniq_crazy_yiuf_cottage, uniq_sigmund,
          uniq_maggie

Skill      XL: |  1  2  3  4  5  6  7  8 |
---------------+-------------------------+-----
Dodging        | 2 3 |  3.3
Unarmed Combat | 3 4 5 6 |  6.0
Shapeshifting  | 4 5 |  5.0
Invocations    | 1 2 3 |  3.5
Stealth        | 1 2 |  2.0
Fighting       | |  2.9

Action                     |  1- 3 |  4- 6 |  7- 9 || total
---------------------------+-------+-------+-------++-------
  Melee: Unarmed           |   138 |   152 |    49 ||   339
         Tailslap          |    16 |     6 |       ||    22
         Constrict         |       |    17 |    12 ||    29
Ability: Begin Untransform |       |     1 |     1 ||     2
    Use: Potion            |       |     4 |     1 ||     5
   Stab: Sleeping          |     1 |       |     1 ||     2
         Distracted        |       |       |     1 ||     1
 Armour: Skin              |    34 |    61 |    20 ||   115
  Dodge: Dodged            |    89 |    85 |    16 ||   190
   Form: Anaconda          |       |     1 |     1 ||     2

Table legend: (Time is in decaauts)
 A = Elapsed time spent in this place.
 B = Non-inter-level travel time spent in this place.
 C = Inter-level travel time spent in this place.
 D = Time resting spent in this place.
 E = Time spent auto-exploring this place.
 F = Levels seen in this place.
 G = Mean time per level.
                   A        B        C        D        E       F      G
               +--------+--------+--------+--------+--------+-----+--------+
         Total |   4812 |   4658 |    154 |    544 |   2962 |   7 |  687.4 |
       Dungeon |   4380 |   4226 |    154 |    425 |   2806 |   6 |  730.0 |
         Sewer |    432 |    432 |      0 |    119 |    156 |   1 |  432.0 |
               +--------+--------+--------+--------+--------+-----+--------+

Top non-repeatable levels by time:
     D:4: 958 daAuts
     D:2: 869 daAuts
     D:3: 753 daAuts
     D:5: 657 daAuts
     D:1: 574 daAuts
     D:6: 565 daAuts
   Sewer: 432 daAuts
